AoeStats
← itsdebbie

Nomad

509996747Analyzed
4v4 RM · 3d ago on Sep 29, 2026· 44m 36s· 8 players
Game mode
Random Map
Map size
231×231
Population
200
Speed
Normal
Resources
Standard
Victory
Conquest
Starting age
Dark Age
Ending age
Imperial Age
RankedLock teamsTeams togetherTeam positionsShared explorationLock speedFull tech treeHidden civsTurbo modeCheats
Victory
Defeat
🇨🇳 Huns · China
911
+12
🇳🇱 Spanish · Netherlands
814
+16
🇨🇦 Britons · Canada
776
+18
🇵🇪 Byzantines · Peru
746
+20
🇺🇸 Portuguese · United States
869
-18
🇺🇸 Magyars · United States
849
-18
🇺🇸 Armenians · United States
832
-17
🇧🇷 Bengalis · Brazil
740
-13
Big papi Nelis
16:32 Feudal Age
17:07 Double-Bit Axe
22:44 Castle Age
20:41 Fishing Lines
21:59 Gold Mining
22:00 Stone Mining
25:25 Fervor
29:30 Imperial Age
28:04 Stone Shaft Mining
28:45 Gillnets
30:56 Bow Saw
32:10 Chemistry
32:02 Wheelbarrow
32:51 Two-Man Saw
32:53 Padded Archer Armor
35:33 Murder Holes
38:59 Onager
41:43 Onager
43:15 Elite Conquistador
44:18 Conscription
thomasvienneau360
13:58 Feudal Age
15:06 Double-Bit Axe
18:44 Wheelbarrow
27:40 Castle Age
27:02 Man-at-Arms
27:45 Scale Mail Armor
31:43 Town Watch
32:15 Hand Cart
33:34 Fletching
38:42 Pikeman
43:10 Bow Saw
Stian_sv
3:43 Loom
17:28 Feudal Age
18:13 Double-Bit Axe
18:10 Fishing Lines
22:11 Wheelbarrow
21:51 Scale Barding Armor
21:56 Forging
27:31 Gold Mining
27:35 Stone Mining
32:15 Castle Age
31:28 Horse Collar
33:26 Hand Cart
33:23 Bow Saw
33:50 Gold Shaft Mining
37:59 Imperial Age
35:52 Heavy Plow
37:20 Stone Shaft Mining
39:42 Elite Cataphract
42:17 Crop Rotation
42:48 Two-Man Saw
45:13 Logistica
45:04 Greek Fire
卢本伟
4:44 Loom
15:11 Feudal Age
20:55 Castle Age
22:24 Wheelbarrow
21:42 Double-Bit Axe
23:19 Medium Warships
24:00 Hand Cart
25:15 Gold Mining
27:14 Horse Collar
27:55 Bow Saw
28:21 Stone Mining
30:21 Heavy Plow
30:42 Marauders
34:35 Imperial Age
33:01 Gold Shaft Mining
33:13 Marauders
34:28 Forging
34:23 Scale Barding Armor
35:42 Conscription
34:53 Elite Tarkan
36:37 Chain Barding Armor
36:55 Iron Casting
38:06 Two-Man Saw
37:42 Bloodlines
37:32 Husbandry
38:49 Blast Furnace
38:28 Plate Barding Armor
Fryy
10:40 Loom
14:32 Feudal Age
17:17 Double-Bit Axe
24:02 Castle Age
22:45 Scale Barding Armor
32:08 Stone Mining
32:31 Bow Saw
32:04 Horse Collar
32:21 Gold Mining
35:27 Wheelbarrow
37:07 Gold Shaft Mining
36:48 Corvinian Army
37:23 Chain Barding Armor
36:55 Fishing Lines
40:26 Hand Cart
sleW
3:43 Loom
15:33 Feudal Age
16:06 Town Watch
17:05 Double-Bit Axe
17:01 Horse Collar
23:41 Castle Age
22:55 Gold Mining
23:00 Stone Mining
23:25 Fletching
23:46 Elite Skirmisher
29:43 Circumnavigation
41:18 Pikeman
itsdebbie
19:28 Feudal Age
21:57 Wheelbarrow
21:12 Town Watch
21:13 Loom
22:03 Horse Collar
25:35 Double-Bit Axe
28:19 Castle Age
26:31 Gold Mining
26:32 Stone Mining
31:18 Bow Saw
31:56 Padded Archer Armor
31:48 Fletching
32:56 Gold Shaft Mining
42:57 Imperial Age
43:26 Hand Cart
BloodTearss
6:17 Loom
14:31 Feudal Age
16:52 Horse Collar
20:31 Man-at-Arms
20:33 Pikeman
23:39 Fishing Lines
26:13 Castle Age
24:08 Man-at-Arms
25:22 Double-Bit Axe
28:36 Arson
29:21 Gambesons
29:48 Squires
29:10 Long Swordsman
30:34 Two-Handed Swordsman
32:34 Wheelbarrow
32:29 Forging
34:34 Bow Saw
34:16 Gold Mining
34:17 Stone Mining
34:24 Stone Mining
38:13 Iron Casting
37:39 Scale Mail Armor
37:31 Fletching
38:31 Halberdier
41:30 Ballistics
Connection lost

Rejoining the realm…

Still unreachable

The connection could not be restored.

Session expired

The server has moved on; the page needs a fresh start.